 Dungeon Crawl Stone Soup version 0.32-a0-696-g5fa0bccb63 (webtiles) character file.

Game seed: 10013453230074655448

50 Gargoyl the Trooper (level 3, 0/24 HPs)
             Began as a Gargoyle Berserker on Mar 13, 2024.
             Was a Follower of Trog.
             Slain by a gnoll
             ... wielding a +0 club
              (5 damage)
             ... on level 2 of the Dungeon.
             The game lasted 00:01:20 (911 turns).

Gargoyl the Trooper (Gargoyle Berserker)             Turns: 911, Time: 00:01:21

Health: 0/24       AC:  6    Str: 20    XL:     3   Next: 79%
Magic:  3/3        EV: 11    Int:  7    God:    Trog [*.....]
Gold:   86         SH:  0    Dex: 11    Spells: 2/2 levels left

rFire   . . .        a - +1 hand axe
rCold   . . .        (no shield)
rNeg    + . .        b - +0 animal skin
rPois   ∞            c - +0 helmet
rElec   +            (no cloak)
rCorr   .            (no gloves)
SInv    .            (no boots)
Will    .....        (no amulet)
Stlth   +            (no ring)
HPRegen 0.24/turn    (no ring)
MPRegen 0.08/turn

%: no passive effects
@: on berserk cooldown, slowed, very slow
A: sickness immunity, AC +3, negative energy resistance 1, electricity
resistance, torment resistance 1, petrification resistance
a: Renounce Religion, Berserk


You were on level 2 of the Dungeon.
You worshipped Trog.
Trog was aware of your devotion.
You visited 1 branch of the dungeon, and saw 2 of its levels.

You collected 86 gold pieces.

Inventory:

Hand Weapons
 a - a +1 hand axe (weapon)
Armour
 b - a +0 animal skin (worn)
 c - a +0 helmet (worn)
Scrolls
 d - a scroll of teleportation


   Skills:
 + Level 3.8 Fighting
 + Level 3.5 Axes
 + Level 2.3 Armour
 + Level 1.9 Dodging


You had 2 spell levels left.
You didn't know any spells.
Your spell library was empty.

Dungeon Overview and Level Annotations

Branches:
Dungeon (2/15)

Altars:


Innate Abilities, Weirdness & Mutations

You are immune to sickness and miasma.
Your stone body is resilient. (AC +3)
You are immune to poison.
You resist negative energy. (rN+)
You are resistant to electric shocks. (rElec)
You are resistant to unholy torment.
You are immune to petrification.


Message History

You are no longer berserk.
You are exhausted.
You feel yourself slow down. The gnoll hits you with a +0 halberd.
You slash the gnoll!
You kill the gnoll!
Trog accepts your kill.
The ball python closely misses you. x2; The hobgoblin hits you.
You hit the ball python.
You kill the ball python!
Trog accepts your kill.
You closely miss the hobgoblin. The hobgoblin barely misses you.
The gnoll hits you from afar with a +0 spear.
Unknown command.
You closely miss the gnoll. You hit the hobgoblin but do no damage.
The hobgoblin closely misses you. The gnoll hits you but does no damage.
The gnoll hits you from afar with a +0 spear.
The gnoll misses you. The hobgoblin barely misses you.
Unknown command.
The hobgoblin misses you. The gnoll hits you with a +0 spear.
* * * LOW HITPOINT WARNING * * *
The gnoll hits you but does no damage. x2; The hobgoblin closely misses you.
The gnoll hits you with a +0 club.
* * * LOW HITPOINT WARNING * * *
Things that are here:
a +0 halberd; a gnoll corpse You aren't carrying any potions.
You hit the gnoll.
The gnoll is lightly wounded.
You hit the hobgoblin. You closely miss the gnoll.
The gnoll closely misses you. The hobgoblin barely misses you.
The gnoll barely misses you.
Unknown command.
You hit the gnoll.
The gnoll is severely wounded.
You barely miss the hobgoblin. You hit the gnoll.
The hobgoblin completely misses you. The gnoll hits you with a +0 spear.
* * * LOW HITPOINT WARNING * * *
The gnoll misses you. The gnoll completely misses you.
The gnoll hits you with a +0 club.
You die...

#. ######....
#. #........
#.......#
#!......#
#.......#### .
#.......... #.
#....g..# #.
#....@g.# #.
+.....g.# #.
#.......# ###
#.....####....
#####.).......
#$...........
#.##.........
# ##.#######
#.#


You could see 2 gnolls and a hobgoblin.

Vanquished Creatures
  2 gnolls (D:2)
  A dart slug (D:1)
  2 endoplasms (D:1)
  2 giant cockroaches
  2 goblins (D:1)
  3 hobgoblins (D:1)
  3 jackals (D:1)
  2 ball pythons
  A bat (D:2)
  4 frilled lizards (D:1)
  4 kobolds (D:1)
  2 rats (D:1)
28 creatures vanquished.

Notes
Turn   | Place    | Note
-------+----------+-------------------------------------------
     0 | D:1      | Gargoyl the Gargoyle Berserker began the quest for the Orb.
     0 | D:1      | Reached XP level 1. HP: 14/14 MP: 1/1
   372 | D:1      | Reached XP level 2. HP: 19/19 MP: 2/2
   660 | D:1      | Reached XP level 3. HP: 22/24 MP: 3/3
   911 | D:2      | Slain by a gnoll

Illustrated notes

Levels and vault maps discovered:
D:1:      elethiomel_arrival_shortcut, layout_basic
D:2:      layout_basic, uniq_sigmund

Skill      XL: |  1  2 |
---------------+-------+-----
Axes           | 3 |  3.5
Fighting       | |  3.8
Armour         | |  2.3
Dodging        | |  1.9

Action                     || total
---------------------------++-------
  Melee: Hand axe          ||    69
 Invoke: Berserk           ||     2
    Use: Scroll            ||     2
 Armour: Animal skin       ||    50
  Dodge: Dodged            ||    58

Table legend: (Time is in decaauts)
 A = Elapsed time spent in this place.
 B = Non-inter-level travel time spent in this place.
 C = Inter-level travel time spent in this place.
 D = Time resting spent in this place.
 E = Time spent auto-exploring this place.
 F = Levels seen in this place.
 G = Mean time per level.
                   A        B        C        D        E       F      G
               +--------+--------+--------+--------+--------+-----+--------+
         Total |    932 |    851 |     81 |      0 |    607 |   2 |  466.0 |
       Dungeon |    932 |    851 |     81 |      0 |    607 |   2 |  466.0 |
               +--------+--------+--------+--------+--------+-----+--------+

Top non-repeatable levels by time:
     D:1: 895 daAuts
     D:2: 37 daAuts
